 Dungeon Crawl Stone Soup version 0.28-a0-119-ga52ba8600a (webtiles) character file.

Game seed: 3295900221031415665

59 Icehuman the Ducker (level 3, -3/28 HPs)
             Began as a Demonspawn Gladiator on Aug 13, 2021.
             Slain by Sigmund (4 damage)
             ... on level 2 of the Dungeon.
             The game lasted 00:05:53 (2188 turns).

Icehuman the Ducker (Demonspawn Gladiator)          Turns: 2188, Time: 00:05:53

Health: -3/28      AC:  5    Str: 15    XL:     3   Next: 78%
Magic:  4/4        EV: 12    Int:  9    God:
Gold:   78         SH:  0    Dex: 14    Spells: 4/4 levels left

rFire   . . .      SeeInvis .   a - +0 war axe
rCold   . . .      Faith    .   (no shield)
rNeg    . . .      Spirit   .   b - +0 leather armour
rPois   .          Reflect  .   c - +0 helmet
rElec   .          Harm     .   (no cloak)
rCorr   .          Rampage  .   (no gloves)
Will    .....                   o - +0 pair of boots
Stlth   +.........              (no amulet)
HPRegen 0.09/turn               (no ring)
MPRegen 0.09/turn               (no ring)

@: no status effects
A: demonic magic 1
a: no special abilities


You were on level 2 of the Dungeon.
You visited 1 branch of the dungeon, and saw 2 of its levels.

You collected 78 gold pieces.

Inventory:

Hand Weapons
 a - a +0 war axe (weapon)
Missiles
 d - 3 throwing nets
 f - 7 poisoned darts (quivered)
 h - an atropa-tipped dart
Armour
 b - a +0 leather armour (worn)
 c - a +0 helmet (worn)
 m - a +0 kite shield
 o - a +0 pair of boots (worn)
Magical Staves
 g - a staff of conjuration
Wands
 l - a wand of flame (20)
Scrolls
 e - 3 scrolls of magic mapping {unknown}
 i - a scroll of fog {unknown}
 j - a scroll of teleportation {unknown}
 k - a scroll of identify {unknown}
Potions
 n - a potion of haste {unknown}


   Skills:
 + Level 2.5 Fighting
 + Level 3.1 Axes
 - Level 1.7 Throwing
 + Level 1.1 Armour
 + Level 3.1 Dodging
 + Level 1.1 Spellcasting


You had 4 spell levels left.
You didn't know any spells.
Your spell library contained the following spells:

 Spells                   Type           Power      Damage    Failure   Level
 Passwall                 Tmut/Erth      0%         N/A       56%         2
 Dazzling Flash           Conj/Hex       0%         N/A       80%         3
 Swiftness                Air            0%         N/A       80%         3
 Agony                    Necr           0%         N/A       100%        5
 Silence                  Hex/Air        0%         N/A       100%        5
 Invisibility             Hex            0%         N/A       100%        6


Dungeon Overview and Level Annotations

Branches:
Dungeon (2/15)

Altars:

Annotations:
D:2 Sigmund


Innate Abilities, Weirdness & Mutations

Spells you cast may paralyse adjacent enemies.


Message History

Throw: 9 darts (poison)
Press: ? - help, Q - select action, (/) - cycle Shift-Dir - straight line, f/p - Sigmund
Aim: Sigmund, wielding a +0 scythe and wearing a +0 robe (blind, very poisoned, 55% to hit)
You throw a poisoned dart.
The poisoned dart closely misses Sigmund.
Sigmund is no longer blind.
Sigmund points at you and mumbles some strange words.
The puff of flame hits you! Sigmund barely misses you.
You closely miss Sigmund.
Sigmund is lightly wounded.
Sigmund barely misses you. x2
You closely miss Sigmund.
Sigmund is moderately wounded.
Sigmund hits you with a +0 scythe.
You closely miss Sigmund.
Sigmund is moderately wounded.
Sigmund hits you with a +0 scythe.
You hit Sigmund but do no damage.
Sigmund is moderately wounded.
Sigmund hits you with a +0 scythe.
* * * LOW HITPOINT WARNING * * *
Sigmund casts a spell.
Sigmund flickers and vanishes!
Deactivating autopickup; reactivate with Ctrl-A.
Something barely misses you.
You hear some strange, mumbled words.
Something tries to affect you, but you resist.
Throw: 8 darts (poison)
Press: ? - help, Q - select action, (/) - cycle Shift-Dir - straight line You throw a poisoned dart.
You start resting.
You hear some strange, mumbled words.
Something tries to affect you, but you resist.
You hear some strange, mumbled words.
A magic dart appears from out of thin air!
The magic dart hits you.
* * * LOW HITPOINT WARNING * * *
You hit something. Something hits you.
You die...

#.################
#((.....(......{.#
#.##############@# #.#######
#.......# ###########.# ###
#.........#.#
..#####.........#.########
######.##............#.#......#
#....#.##....#########.#.####.#
....#.##....##......#.#.####.###


There were no monsters in sight!

Vanquished Creatures
  An adder (D:2)
  2 dart slugs
  4 ball pythons
  6 endoplasms (D:1)
  6 hobgoblins
  4 jackals
  4 quokkas (D:1)
  3 bats
  3 frilled lizards (D:1)
  2 goblins (D:1)
  3 kobolds
  5 rats
43 creatures vanquished.

Notes
Turn   | Place    | Note
-------+----------+-------------------------------------------
     0 | D:1      | Icehuman the Demonspawn Gladiator began the quest for the
                  | Orb.
     0 | D:1      | Reached XP level 1. HP: 16/16 MP: 1/1
   115 | D:1      | Gained mutation: Spells you cast may paralyse adjacent
                  | enemies. [demonic ancestry]
   115 | D:1      | Reached XP level 2. HP: 17/22 MP: 2/2
   996 | D:1      | Reached XP level 3. HP: 25/28 MP: 4/4
  1347 | D:1      | Reached skill level 1 in Armour
  1387 | D:1      | Found a faded altar of an unknown god.
  1548 | D:2      | Reached skill level 1 in Spellcasting
  2159 | D:2      | Noticed Sigmund
  2187 | D:2      | HP: 1/28 [something/magic dart (5)]
  2188 | D:2      | Slain by Sigmund

Illustrated notes

Levels and vault maps discovered:
D:1:      roderic_crossed_star, layout_loops_ring, basic_ecumenical_altar,
          minmay_tiny_reverse_x
D:2:      layout_basic, uniq_sigmund

Skill      XL: |  1  2  3 |
---------------+----------+-----
Axes           | 3 |  3.1
Armour         | 1 |  1.1
Dodging        | 3 |  3.1
Spellcasting   | 1 |  1.1
Fighting       | |  2.5
Throwing       | |  1.7

Action                   || total
-------------------------++-------
Melee: War axe           ||   128
Throw: Dart              ||     7
 Stab: Sleeping          ||     3
Armor: Leather armour    ||    36
Dodge: Dodged            ||   108

Table legend: (Time is in decaauts)
 A = Elapsed time spent in this place.
 B = Non-inter-level travel time spent in this place.
 C = Inter-level travel time spent in this place.
 D = Time resting spent in this place.
 E = Time spent auto-exploring this place.
 F = Levels seen in this place.
 G = Mean time per level.
                   A        B        C        D        E       F      G
               +--------+--------+--------+--------+--------+-----+--------+
         Total |   2232 |   2212 |     20 |      0 |   1867 |   2 | 1116.0 |
       Dungeon |   2232 |   2212 |     20 |      0 |   1867 |   2 | 1116.0 |
               +--------+--------+--------+--------+--------+-----+--------+

Top non-repeatable levels by time:
     D:1: 1530 daAuts
     D:2: 701 daAuts
